 Dungeon Crawl Stone Soup version 0.30-a0-475-g03497ec522 (webtiles) character file.

Game seed: 5157897294746141647

5846 zishaf the Shooter (level 10, 0/88 HPs)
             Began as a Demigod Wanderer on Dec 20, 2022.
             Slain by a hell hound (5 damage)
             ... in a Gauntlet.
             The game lasted 00:16:29 (8980 turns).

zishaf the Shooter (Demigod Wanderer)               Turns: 8980, Time: 00:16:30

Health: 0/88       AC: 14    Str: 12    XL:     10   Next: 27%
Magic:  14/14      EV: 15    Int: 13    God:
Gold:   562        SH:  5    Dex: 35    Spells: 7/11 levels left

rFire   + . .      SeeInvis .    a - +1 sling (vorpal)
rCold   + . .      Faith    .    (no shield)
rNeg    + . .      Spirit   .    x - +2 robe
rPois   .          Reflect  +    t - +2 helmet
rElec   .          Harm     .    y - scarf {rC+ rF+}
rCorr   .          Rampage  .    l - +1 pair of gloves of Cylazaho {rC- rN+ Slay+2}
Will    +....      NoTele   +    E - +0 pair of boots
Stlth   +++.......               q - amulet of reflection
HPRegen 0.34/turn                C - +4 ring of protection
MPRegen 0.14/turn                A - +6 ring of dexterity

@: hasted, invisible, very quick
A: high MP 1, forlorn, divine attributes, agile 1, cold resistance 1
a: no special abilities


You were in a Gauntlet.
You visited 1 branch of the dungeon, and saw 10 of its levels.
You also visited: Gauntlet.

You collected 1332 gold pieces.
You spent 770 gold pieces at shops.

Inventory:

Hand Weapons
 a - a +1 vorpal sling (weapon)
 r - a +3 short sword
 z - the +3 mace of Megalomania {venom, rF+ Str+4}
   (You took it off an orc on level 5 of the Dungeon)

   It poisons the flesh of those it strikes.
   Str:       It affects your strength (+4).
   rF:        It protects you from fire.
Armour
 l - the +1 pair of gloves of Cylazaho (worn) {rC- rN+ Slay+2}
   (You found it on level 2 of the Dungeon)

   Slay:      It affects your accuracy & damage with ranged weapons and melee
   (+2).
   rC:        It makes you vulnerable to cold.
   rN:        It protects you from negative energy.
 t - a +2 helmet (worn)
 x - a +2 robe (worn)
 y - a scarf of resistance (worn)
 E - a +0 pair of boots (worn)
Jewellery
 c - the ring "Somosm" {rC+ rN+}
   (You found it in a Gauntlet)

   [ring of protection from cold]

   rC:        It protects you from cold.
   rN:        It protects you from negative energy.
 n - a ring of ice
 q - an amulet of reflection (around neck)
 A - a +6 ring of dexterity (right hand)
 C - a +4 ring of protection (left hand)
Wands
 d - a wand of paralysis (7)
 w - a wand of polymorph (11)
 B - a wand of mindburst (13)
 F - a wand of flame (16)
Scrolls
 b - 3 scrolls of identify
 f - a scroll of brand weapon
 g - 3 scrolls of silence
 i - 3 scrolls of enchant weapon
 j - a scroll of blinking
 m - a scroll of fog
 u - a scroll of magic mapping
 D - 2 scrolls of teleportation
Potions
 e - 2 potions of invisibility
 h - 3 potions of heal wounds
 k - 5 potions of curing
 o - 2 potions of berserk rage
 p - 2 potions of attraction
 v - 3 potions of might


   Skills:
 + Level 7.7 Fighting
 + Level 7.9 Ranged Weapons
 - Level 1.0 Armour
 - Level 3.0 Dodging
 - Level 1.0 Spellcasting
 - Level 6.0 Hexes
 + Level 7.5 Translocations
 - Level 1.0 Evocations


You had 7 spell levels left.
You knew the following spells:

 Your Spells              Type           Power      Damage    Failure   Level
a - Apportation           Tloc           40%        N/A       1%          1
A - Portal Projectile     Hex/Tloc       36%        N/A       5%          3

Your spell library contained the following spells:

 Spells                   Type           Power      Damage    Failure   Level
 Teleport Other           Tloc           20%        N/A       3%          3
 Dazzling Flash           Conj/Hex       16%        N/A       24%         3
 Beastly Appendage        Tmut           0%         N/A       28%         1
 Cigotuvi's Dreadful Rot  Necr/Pois/Air  0%         N/A       38%         2
 Poisonous Vapours        Pois/Air       0%         N/A       38%         2
 Wereblood                Tmut           0%         N/A       38%         2
 Iskenderun's Mystic Bla  Conj/Tloc      10%        2d4       52%         4
 Mephitic Cloud           Conj/Pois/Air  0%         N/A       63%         3
 Spider Form              Tmut/Pois      0%         N/A       63%         3
 Summon Lightning Spire   Summ/Air       0%         N/A       95%         4
 Alistair's Intoxication  Tmut/Pois      0%         N/A       100%        5
 Starburst                Conj/Fire      0%         6d3       100%        6
 Storm Form               Tmut/Air       0%         N/A       100%        7
 Maxwell's Capacitive Co  Air            0%         ∞         100%        8


Dungeon Overview and Level Annotations

Branches:
Dungeon (12/15)            Temple (0/1) D:6            Lair (0/5) D:8
Gauntlet (1/1)
    Orc: D:9-12

Shops:
D:2 !   D:5 =

Annotations:
D:3 1 runed translucent door Gauntlet 11 transporters, 21 runed translucent doors


Innate Abilities, Weirdness & Mutations

You have an increased reservoir of magic. (+10% MP)
You shall have no god before yourself.
Your divine heritage dramatically boosts your attributes as you level up.
You are agile. (Dex +4, Str/Int -1)
Your flesh is cold resistant. (rC+)


Message History

The fire bat barely misses you. The hell hog bites you!
* * * LOW HITPOINT WARNING * * *
Aiming: Mindburst
Press: ? - help, Shift-Dir - straight line, f/p - hell hog
Aim: a hell hog (almost dead, unable to see you, catching its breath, chance to affect: 51%)
The hell hog resists with significant effort.
The flying skull gives a hideous shriek! x2
You hear a hideous shriek! x4
The fire bat barely misses you. x2; The hell hound completely misses you.
The hell hog barely misses you.
Aiming: Mindburst
Press: ? - help, Shift-Dir - straight line, f/p - hell hog
Aim: a hell hog (almost dead, unable to see you, chance to affect: 51%)
The hell hog resists with significant effort.
The fire bat bites you but does no damage.
The hell hound breathes flames at you. The blast of flame hits you. You resist.
* * * LOW HITPOINT WARNING * * *
That's the wrong kind of item! (Use * to select it.) Evoke which item? (* to show all) (? for menu, Esc to quit)
Aiming: Mindburst
Press: ? - help, Shift-Dir - straight line, f - fire bat, p - hell hog
Aim: a fire bat (chance to affect: 76%)
The fire bat's mind is blasted!
The fire bat barely misses you.
The hell hog bites you but does no damage.
The hell hound misses you.
Aiming: Mindburst
Press: ? - help, Shift-Dir - straight line, f/p - fire bat
Aim: a fire bat (severely wounded, chance to affect: 76%)
The fire bat's mind is blasted!
You blow up the fire bat!
The flying skull gives a hideous shriek! x2
You hear a hideous shriek! x2
The hell hog breathes fire at you.
The fireball explodes!
The fireball engulfs you! You resist.
* * * LOW HITPOINT WARNING * * *
The fireball engulfs the hell hog.
The hell hog completely resists.
The fireball engulfs the hell hound.
The hell hound completely resists.
The hell hound bites you.
You die...

#..#....#....#.#.#.^.....^m#
#..#...#.#h..#.#.#.##^.^##.#
#..#..#.©.#..#.#.#.#.#.#.#.#
#..#.#..#.h#.#.#.#..##.##..#
#..##..#.#..##.#©#©.#^©^#..#
...8.####..#...#..#.###$.##.##..#
##.....©#.#..#.b#.#...#)#.#.#.#.#
#.8.#####..#.#hh##...#.##^..##G#
.....#..#?=#.©.#@.#...#........H#
##.8.#..###########...###########
#...#≈...........§§§............
..8.#∩...........§≈8≈...........
#...#≈...........§§§............
##.8.#..###########...###########
.....#..#...[z?(z.#...#D......hD#
#.8.####..#.z.#z.#...#D##...##D#
##.....©#.#######.#...#?.##.##..#


You could see a hell hog (unable to see you, catching breath), a steam dragon
(wandering, unable to see you), a hell hound (catching breath), a fire bat and 4
flying skulls.

Vanquished Creatures
  A queen bee (Gauntlet)
  A troll (D:9)
  Prince Ribbit (D:6)
  Sigmund (D:5)
  A wraith (D:9)
  A wyvern (D:8)
  A fire bat (Gauntlet)
  Grum (D:8)
  6 yaks (D:8)
  Menkaure (D:7)
  2 hell hounds (Gauntlet)
  Duvessa (D:4)
  A water moccasin (D:6)
  2 orc warriors
  2 ice beasts
  2 ogres (D:6)
  A centaur (D:7)
  2 wolves (D:8)
  A phantom (D:4)
  A kobold brigand (D:8)
  Blork the orc (D:5)
  2 bullfrogs
  A necrophage (D:6)
  3 scorpions
  5 wights (D:8)
  Dowan (D:4)
  21 killer bees
  The ghost of pigah the Sneak, a weakling OpWn (D:3)
  2 hounds
  3 jellies
  4 orc priests
  3 iguanas
  3 orc wizards
  2 adders
  A river rat (D:3)
  A shadow imp (D:6)
  2 ufetubi
  4 worms
  3 dart slugs
  32 orcs
  6 ball pythons
  6 endoplasms
  2 giant cockroaches (D:3)
  6 goblins
  8 hobgoblins
  8 quokkas
  5 bats
  5 frilled lizards
  11 kobolds
  7 rats
189 creatures vanquished.

Vanquished Creatures (others)
  An orc wizard (D:5)
  14 demonic plants (Gauntlet)
15 creatures vanquished.

Grand Total: 204 creatures vanquished

Notes
Turn   | Place    | Note
-------+----------+-------------------------------------------
     0 | D:1      | zishaf the Demigod Wanderer began the quest for the Orb.
     0 | D:1      | zishaf set off with the following items: a +0 sling, a +0
                  | helmet, a potion of haste, a +0 robe; and the following
                  | spell memorised: Apportation; and the following spells
                  | available to memorise: Teleport Other, Portal Projectile.
     0 | D:1      | Reached XP level 1. HP: 14/14 MP: 4/4
   314 | D:1      | Reached XP level 2. HP: 22/22 MP: 5/5
   363 | D:1      | Reached skill level 1 in Fighting
   869 | D:2      | Reached XP level 3. HP: 28/28 MP: 6/6
   883 | D:2      | Learned a level 3 spell: Portal Projectile
   997 | D:2      | Found Jakloy's Distillery.
  1004 | D:2      | Bought a potion of curing for 39 gold pieces
  1019 | D:2      | Identified the +1 pair of gloves of Cylazaho {rC- rN+
                  | Slay+2}
  1588 | D:2      | Bought a potion of mutation for 104 gold pieces
  1718 | D:3      | Reached XP level 4. HP: 31/36 MP: 8/8
  1829 | D:3      | Reached skill level 1 in Hexes
  1946 | D:3      | Gained mutation: You expend magic power (3 MP) to
                  | strengthen your wands. [potion of mutation]
  1946 | D:3      | Gained mutation: You occasionally lose the ability to read
                  | scrolls when taking damage. [potion of mutation]
  1947 | D:3      | Lost mutation: You occasionally lose the ability to read
                  | scrolls when taking damage. [potion of mutation]
  1947 | D:3      | Lost mutation: You expend magic power (3 MP) to strengthen
                  | your wands. [potion of mutation]
  1947 | D:3      | Gained mutation: You are agile. (Dex +4, Str/Int -1)
                  | [potion of mutation]
  1947 | D:3      | Gained mutation: You occasionally lose the ability to drink
                  | potions when taking damage. [potion of mutation]
  1947 | D:3      | Gained mutation: You have a pair of small horns on your
                  | head. [potion of mutation]
  1948 | D:3      | Lost mutation: You are agile. (Dex +4, Str/Int -1) [potion
                  | of mutation]
  1948 | D:3      | Lost mutation: You have a pair of small horns on your head.
                  | [potion of mutation]
  1948 | D:3      | Gained mutation: You are weak. (Str -2) [potion of
                  | mutation]
  2021 | D:3      | Found a runed translucent door.
  2024 | D:3      | Noticed pigah's ghost (weakling OpWn)
  2072 | D:3      | Found a runed translucent door.
  2450 | D:3      | Killed pigah's ghost
  2451 | D:3      | Reached XP level 5. HP: 27/41 MP: 9/9
  2810 | D:4      | Reached XP level 6. HP: 50/50 MP: 10/10
  3134 | D:4      | Noticed Dowan
  3135 | D:4      | Noticed Duvessa
  3149 | D:4      | Killed Duvessa
  3164 | D:4      | Killed Dowan
  3257 | D:5      | Entered Level 5 of the Dungeon
  3262 | D:5      | Identified the +3 mace of Megalomania {venom, rF+ Str+4}
  3434 | D:5      | Noticed Sigmund
  3440 | D:5      | Killed Sigmund
  3441 | D:5      | Reached XP level 7. HP: 58/58 MP: 11/11
  3660 | D:5      | Found Xeilamaunko's Jewellery Emporium.
  3814 | D:5      | Noticed Blork the orc
  3824 | D:5      | Killed Blork the orc
  4371 | D:5      | Identified a scroll of acquirement
  4371 | D:5      | Acquired 747 gold pieces
  4425 | D:5      | Bought a +4 ring of protection for 432 gold pieces
  4554 | D:2      | Bought a potion of heal wounds for 65 gold pieces
  4554 | D:2      | Bought a potion of heal wounds for 65 gold pieces
  4554 | D:2      | Bought a potion of heal wounds for 65 gold pieces
  4727 | D:6      | Noticed Prince Ribbit
  4735 | D:6      | Killed Prince Ribbit
  4736 | D:6      | Reached XP level 8. HP: 62/67 MP: 12/12
  4859 | D:6      | Found a staircase to the Ecumenical Temple.
  4874 | D:6      | Reached skill level 5 in Ranged Weapons
  4917 | D:6      | Reached skill level 5 in Fighting
  4936 | D:6      | Reached skill level 5 in Translocations
  5042 | D:6      | Reached skill level 5 in Hexes
  5637 | D:7      | Noticed Menkaure
  5643 | D:7      | Killed Menkaure
  6122 | D:7      | Reached XP level 9. HP: 75/75 MP: 13/13
  6381 | D:8      | Noticed Grum
  6399 | D:8      | Killed Grum
  6674 | D:8      | Found a staircase to the Lair.
  7385 | D:8      | Lost mutation: You occasionally lose the ability to drink
                  | potions when taking damage. [potion of mutation]
  7385 | D:8      | Lost mutation: You are weak. (Str -2) [potion of mutation]
  7385 | D:8      | Gained mutation: You are agile. (Dex +4, Str/Int -1)
                  | [potion of mutation]
  7385 | D:8      | Gained mutation: Your flesh is cold resistant. (rC+)
                  | [potion of mutation]
  7995 | D:8      | Reached XP level 10. HP: 76/86 MP: 14/14
  8225 | D:9      | You fall into a shaft and drop 3 floors!
  8260 | D:12     | Noticed a two-headed ogre
  8261 | D:12     | Found a gate leading to a gauntlet.
  8261 | D:12     | Noticed a cyan ugly thing
  8268 | Gauntlet | Entered a Gauntlet
  8268 | Gauntlet | Found a transporter.
  8268 | Gauntlet | Found a transporter.
  8273 | Gauntlet | Found a transporter.
  8288 | Gauntlet | Found a transporter.
  8290 | Gauntlet | Found a large runed translucent door.
  8290 | Gauntlet | Found a large runed translucent door.
  8291 | Gauntlet | Found a large runed translucent door.
  8291 | Gauntlet | Found a large runed translucent door.
  8292 | Gauntlet | Found a runed translucent door.
  8292 | Gauntlet | Found a large runed translucent door.
  8292 | Gauntlet | Found a large runed translucent door.
  8292 | Gauntlet | Found a runed translucent door.
  8292 | Gauntlet | Found a large runed translucent door.
  8292 | Gauntlet | Found a large runed translucent door.
  8293 | Gauntlet | Found a large runed translucent door.
  8293 | Gauntlet | Found a large runed translucent door.
  8296 | Gauntlet | Found a large runed translucent door.
  8296 | Gauntlet | Found a large runed translucent door.
  8298 | Gauntlet | Found a large runed translucent door.
  8298 | Gauntlet | Found a large runed translucent door.
  8298 | Gauntlet | Found a large runed translucent door.
  8300 | Gauntlet | Found a runed translucent gate.
  8300 | Gauntlet | Found a runed translucent gate.
  8300 | Gauntlet | Found a runed translucent gate.
  8301 | Gauntlet | Noticed a death scarab
  8302 | Gauntlet | Found a transporter.
  8313 | Gauntlet | Found a large runed translucent door.
  8315 | Gauntlet | Found a transporter.
  8404 | Gauntlet | Found a transporter.
  8419 | Gauntlet | Found a transporter.
  8421 | Gauntlet | Noticed a tengu warrior
  8435 | Gauntlet | Found a transporter.
  8447 | Gauntlet | Found a transporter.
  8458 | Gauntlet | Noticed a hell hog
  8536 | Gauntlet | Found a transporter.
  8538 | Gauntlet | Noticed a moth of wrath
  8542 | Gauntlet | Noticed an eye of devastation
  8546 | Gauntlet | Found a transporter.
  8555 | Gauntlet | Found a transporter.
  8557 | Gauntlet | Found a transporter.
  8557 | Gauntlet | Found a transporter.
  8567 | Gauntlet | Found a transporter.
  8612 | Gauntlet | a culicivora changed into a manticore
  8612 | Gauntlet | Noticed a manticore (shapeshifter)
  8776 | Gauntlet | Noticed an orb spider
  8776 | Gauntlet | Noticed an anaconda
  8789 | Gauntlet | an orb spider changed into a merfolk
  8959 | Gauntlet | Identified the ring "Somosm" {rC+ rN+}
  8980 | Gauntlet | Slain by a hell hound

Illustrated notes

Levels and vault maps discovered:
D:1:      dpeg_arrival_arbitrary_c, layout_loops_ring,
          kennysheep_decorative_pillar
D:2:      layout_basic, basic_ecumenical_altar, serial_corexii_hall,
          chequers_hall_statues_corner_a, corexii_hall_statues_l, serial_shops,
          shop, minmay_box_of_dots
D:3:      layout_basic, grunt_dithmenos_smoke, ebering_ghost_sewer_f
D:4:      layout_basic, nicolae_gozag_cash_rules_everything_around_me,
          uniq_duvessa
D:5:      layout_loops_corners, serial_shops, shop,
          hangedman_abyss_or_decor_stabs, uniq_blork_the_orc, uniq_sigmund
D:6:      layout_basic, gammafunk_temple_overflow_claw, amcnicky_altar_gilded,
          temple_pool_b, uniq_prince_ribbit1
D:7:      layout_loops_cross, cheibrodos_worm_habitat, uniq_menkaure
D:8:      layout_loops_ring, lair_entry_dummy, uniq_grum
D:9:      layout_cave_pools, lemuel_mausoleum_altar_yredelemnul
D:12:     layout_irregular_city, gauntlet_entry_generic,
          gammafunk_ghost_nasty_kobolds, uniq_azrael
Gauntlet: gammafunk_gauntlet_branching [nicolae_gauntlet_arena_x,
          gammafunk_gauntlet_arena_grid,
          minmay_gauntlet_arena_make_your_own_arena,
          gammafunk_gauntlet_arena_split_x, gammafunk_gauntlet_arena_corners,
          gammafunk_gauntlet_arena_teeth, gammafunk_gauntlet_arena_chambers,
          gammafunk_gauntlet_arena_arrow_garden, gauntlet_exit_green]

Skill      XL: |  1  2  3  4  5  6  7  8  9 |
---------------+----------------------------+-----
Dodging        | 3 |  3.0
Fighting       | 1 2 3 4 5 7 |  7.7
Ranged Weapons | 2 3 4 5 7 |  7.9
Translocations | 3 4 5 7 |  7.5
Hexes          | 1 2 3 4 5 6 |  6.0
Armour         | |  1.0
Spellcasting   | |  1.0
Evocations     | |  1.0

Action                   |  1- 3 |  4- 6 |  7- 9 | 10-12 || total
-------------------------+-------+-------+-------+-------++-------
Melee: Unarmed           |       |    12 |       |       ||    12
 Fire: Sling             |   165 |   123 |   349 |    98 ||   735
Evoke: Wand              |       |     1 |     1 |    11 ||    13
  Use: Scroll            |    11 |     4 |     7 |     2 ||    24
       Potion            |       |     4 |     1 |     7 ||    12
 Stab: Confused          |       |     2 |       |       ||     2
Armor: Robe              |    19 |     5 |    70 |    43 ||   137
       Skin              |       |       |       |   120 ||   120
Dodge: Dodged            |    77 |    26 |   147 |    79 ||   329
Block: Other             |       |    11 |    56 |    51 ||   118
       Reflection        |       |     1 |     4 |       ||     5

Table legend: (Time is in decaauts)
 A = Elapsed time spent in this place.
 B = Non-inter-level travel time spent in this place.
 C = Inter-level travel time spent in this place.
 D = Time resting spent in this place.
 E = Time spent auto-exploring this place.
 F = Levels seen in this place.
 G = Mean time per level.
                   A        B        C        D        E       F      G
               +--------+--------+--------+--------+--------+-----+--------+
         Total |   9106 |   8381 |    725 |    668 |   6064 |  11 |  827.8 |
       Dungeon |   8402 |   7677 |    725 |    454 |   5784 |  10 |  840.2 |
      Gauntlet |    703 |    703 |      0 |    214 |    280 |   1 |  703.0 |
               +--------+--------+--------+--------+--------+-----+--------+

Top non-repeatable levels by time:
     D:8: 1560 daAuts
     D:5: 1157 daAuts
     D:3: 1130 daAuts
     D:7: 953 daAuts
     D:4: 854 daAuts
     D:1: 837 daAuts
     D:2: 778 daAuts
     D:6: 754 daAuts
Gauntlet: 703 daAuts
     D:9: 332 daAuts
    D:12: 42 daAuts
